 Dungeon Crawl Stone Soup version 0.26-a0-597-gb535b0901c (webtiles) character file.

Game seed: 106049244189843904

1122 Borgoz the Skirmisher (level 8, -5/84 HPs)
             Began as an Ogre Berserker on Sept 15, 2020.
             Was a Priest of Trog.
             Slain by a killer bee (8 damage)
             ... on level 7 of the Dungeon.
             The game lasted 00:10:32 (6954 turns).

Borgoz the Skirmisher (Ogre Berserker)              Turns: 6954, Time: 00:10:33

Health: -5/84      AC:  3    Str: 28    XL:     8   Next: 35%
Magic:  8/8        EV: 11    Int:  8    God:    Trog [***...]
Gold:   394        SH:  0    Dex: 10    Spells: 7/7 levels left

rFire    . . .     SeeInvis .   a - +1 dire flail (protect)
rCold    . . .     Faith    +   (shield currently unavailable)
rNeg     . . .     Spirit   .   c - +0 animal skin
rPois    .         Reflect  .   (helmet restricted)
rElec    .         Harm     .   (no cloak)
rCorr    .                      (gloves unavailable)
MR       ++...                  (boots unavailable)
Stlth    ..........             z - amulet of faith
HPRegen  1.24/turn              g - +6 ring of strength
MPRegen  0.11/turn              D - ring of attention (curse)

@: brilliant, lethally poisoned (-5 -> -8), about to teleport, regenerating,
heavily drained
A: large, unfitting armour, tough skin 1
a: Berserk, Trog's Hand, Renounce Religion


You were on level 7 of the Dungeon.
You worshipped Trog.
Trog was most pleased with you.
You visited 2 branches of the dungeon, and saw 8 of its levels.

You collected 394 gold pieces.

Inventory:

Hand Weapons
 a - a +1 dire flail of protection (weapon)
 b - a +0 flail
Missiles
 k - 2 large rocks (quivered)
 y - 2 throwing nets
Armour
 c - a +0 animal skin (worn)
 s - a +0 tower shield
Jewellery
 g - a +6 ring of strength (left hand)
 n - an uncursed ring of protection from magic
 v - an uncursed ring of positive energy
 x - an uncursed ring of magical power
 z - an amulet of faith (around neck)
 D - a cursed ring of attention (right hand)
Wands
 r - a wand of flame (16)
Scrolls
 d - a scroll of blinking {unknown}
 f - 4 scrolls of teleportation
 h - 5 scrolls of remove curse {unknown}
 i - 2 scrolls of noise {unknown}
 j - a scroll of fear {unknown}
 t - a scroll of fog {unknown}
 u - a scroll of random uselessness {unknown}
 w - a scroll of identify
 A - a scroll of torment {unknown}
 C - 2 scrolls of immolation {unknown}
 E - 2 scrolls of enchant weapon {unknown}
Potions
 l - 4 potions of might
 m - 3 potions of cancellation
 o - a potion of berserk rage {unknown}
 p - 2 potions of mutation


   Skills:
 + Level 6.6(4.1) Fighting
 * Level 5.9(3.5) Maces & Flails
 + Level 0.8(0.0) Armour
 * Level 5.9(3.4) Dodging
 + Level 0.8(0.0) Stealth
 - Level 1.2(0.0) Shields
 + Level 0.8(0.0) Evocations


You had 7 spell levels left.
You didn't know any spells.
Your spell library was empty.

Dungeon Overview and Level Annotations

Branches:
Dungeon (7/15)             Temple (1/1) D:6

Altars:
Dithmenos
Fedhas
Gozag
Kikubaaqudgha
Makhleb
Nemelex Xobeh
Sif Muna
Uskayaw
Vehumet
Wu Jian


Innate Abilities, Weirdness & Mutations

You are too large for most types of armour.
You have tough skin. (AC +1)


Message History

* * * LOW HITPOINT WARNING * * *
You are more poisoned.
The killer bee poisons you! The killer bee barely misses you.
You miss the killer bee.
The killer bee is heavily wounded.
You feel sick. The killer bee stings you.
* * * LOW HITPOINT WARNING * * *
The killer bee stings you!
* * * LOW HITPOINT WARNING * * *
The killer bee stings you!
* * * LOW HITPOINT WARNING * * *
You are lethally poisoned!
The killer bee poisons you!
Okay, then.
Okay, then.
As you read the scroll of teleportation, it crumbles to dust.
You feel strangely unstable.
* * * LOW HITPOINT WARNING * * *
You feel sick. The killer bee misses you. The killer bee stings you!
You die... ..... ## .#.. ...... .# ... ......##.# ... .......<.# yy#

###.###..# #y#
##.# #..# #y#
#.. #..# #y#
#.# #..#
#@####.####..#
#.....)......#
#..###.#####.#
#......... .#
#.......... ..
##..###########
#..# #... #.#.


You could see 5 killer bees.

Vanquished Creatures
  Edmund (D:5)
  A phantom (D:4)
  A bullfrog (D:3)
  5 wights
  3 orc priests
  3 centaur skeletons
  3 hounds
  A gnoll shaman (D:5)
  3 worker ants
  A hound skeleton (D:4)
  2 worker ant zombies (D:5)
  6 gnolls
  5 adders
  2 shadow imps
  3 white imps (D:5)
  2 oozes (D:1)
  An adder zombie (D:6)
  2 worms (D:2)
  2 dart slugs
  A leopard gecko (D:4)
  9 orcs
  A ball python (D:3)
  5 bats
  4 giant cockroaches
  7 goblins
  6 hobgoblins
  8 jackals
  8 kobolds
  2 quokkas
  4 frilled lizards
  A leopard gecko skeleton (D:4)
  14 rats
117 creatures vanquished.

Vanquished Creatures (others)
  9 plants
9 creatures vanquished.

Grand Total: 126 creatures vanquished

Notes
Turn   | Place    | Note
-------+----------+-------------------------------------------
     0 | D:1      | Borgoz the Ogre Berserker began the quest for the Orb.
     0 | D:1      | Reached XP level 1. HP: 24/24 MP: 1/1
   200 | D:1      | Reached XP level 2. HP: 28/32 MP: 2/2
   914 | D:1      | Reached XP level 3. HP: 36/39 MP: 3/3
  1284 | D:2      | Reached ** piety under Trog
  1551 | D:2      | Reached XP level 4. HP: 46/49 MP: 4/4
  2260 | D:3      | Noticed a bullfrog
  2266 | D:3      | Killed a bullfrog
  2266 | D:3      | Reached XP level 5. HP: 55/55 MP: 5/5
  2649 | D:3      | Reached skill level 5 in Fighting
  2748 | D:3      | Found a burning altar of Makhleb.
  3061 | D:2      | Found a blossoming altar of Fedhas.
  3095 | D:4      | Reached XP level 6. HP: 66/66 MP: 6/6
  3115 | D:4      | Reached *** piety under Trog
  3275 | D:4      | Found a sparkling altar of Nemelex Xobeh.
  3464 | D:4      | Found a shadowy altar of Dithmenos.
  3867 | D:4      | Found a hide-covered altar of Uskayaw.
  3879 | D:4      | Reached XP level 7. HP: 60/74 MP: 7/7
  4051 | D:4      | Reached skill level 5 in Maces & Flails
  4051 | D:4      | Reached skill level 5 in Dodging
  4323 | D:5      | Entered Level 5 of the Dungeon
  4326 | D:5      | Found a radiant altar of Vehumet.
  4888 | D:5      | Reached skill level 6 in Fighting
  5371 | D:5      | Found a shimmering blue altar of Sif Muna.
  5371 | D:5      | Noticed Edmund
  5401 | D:5      | Killed Edmund
  5401 | D:5      | Reached skill level 1 in Shields
  5740 | D:6      | Reached XP level 8. HP: 83/84 MP: 8/8
  5807 | D:6      | Found an ornate altar of the Wu Jian Council.
  6837 | D:6      | Found a staircase to the Ecumenical Temple.
  6855 | Temple   | Entered the Ecumenical Temple
  6953 | D:7      | HP: 4/84 [killer bee (8)]
  6954 | D:7      | Slain by a killer bee

Illustrated notes

Levels and vault maps discovered:
D:1:      dpeg_arrival_court, layout_loops_ring, minmay_tree_intersection,
          kennysheep_boxes
D:2:      layout_basic, nicolae_overflow_hidden_temple
D:3:      cheibrodos_old_hovel, layout_basic, bloody_makhleb
D:4:      layout_rooms, kennysheep_mini, overflow_temple_1_default,
          eat_drink_and_be_merry_uskayaw
D:5:      layout_loops_ring, led_sif_pool, vehumet_altar_wand_db, uniq_edmund
D:6:      layout_gridville, kennysheep_mini_moat,
          minmay_temple_entry_proselytizer
D:7:      layout_loops_ring
Temple:   minmay_temple_forest_path

Skill      XL: |  1  2  3  4  5  6  7 |
---------------+----------------------+-----
Dodging        | 3 4 5 |  5.9
Maces & Flails | 3 4 5 |  5.9
Fighting       | 5 6 |  6.6
Shields        | 1 |  1.2
Armour         | |  0.8
Stealth        | |  0.8
Evocations     | |  0.8

Action                   |  1- 3 |  4- 6 |  7- 9 || total
-------------------------+-------+-------+-------++-------
Melee: Mace              |    99 |   184 |    80 ||   363
       Flail             |       |       |    32 ||    32
       Dire flail        |       |       |    75 ||    75
Invok: Berserk           |       |     3 |       ||     3
       Trog's Hand       |       |       |     3 ||     3
  Use: Scroll            |       |     7 |     2 ||     9
       Potion            |       |     4 |     4 ||     8
 Stab: Sleeping          |     2 |     1 |       ||     3
Armor: Animal skin       |    30 |    48 |    38 ||   116
       Skin              |       |       |     4 ||     4
Dodge: Dodged            |    62 |   141 |    69 ||   272
Block: Tower shield      |       |       |    52 ||    52

Table legend: (Time is in decaauts)
 A = Elapsed time spent in this place.
 B = Non-inter-level travel time spent in this place.
 C = Inter-level travel time spent in this place.
 D = Time resting spent in this place.
 E = Time spent auto-exploring this place.
 F = Levels seen in this place.
 G = Mean time per level.
                   A        B        C        D        E       F      G
               +--------+--------+--------+--------+--------+-----+--------+
         Total |   7066 |   6905 |    161 |   2201 |   3626 |   8 |  883.2 |
       Dungeon |   7019 |   6880 |    139 |   2201 |   3604 |   7 | 1002.7 |
        Temple |     47 |     25 |     22 |      0 |     22 |   1 |   47.0 |
               +--------+--------+--------+--------+--------+-----+--------+

Top non-repeatable levels by time:
     D:5: 1727 daAuts
     D:4: 1429 daAuts
     D:1: 1289 daAuts
     D:2: 914 daAuts
     D:6: 848 daAuts
     D:3: 771 daAuts
  Temple: 47 daAuts
     D:7: 37 daAuts
